 Dungeon Crawl Stone Soup version 0.32-a0-360-gcd93b57ba1 (webtiles) character file.

Game seed: 11129501079017126167

35 nightchill the Firebug (level 3, -3/28 HPs)
             Began as a Mountain Dwarf Fire Elementalist on Feb 18, 2024.
             Slain by a ribbon worm (4 damage)
             ... on level 2 of the Dungeon.
             The game lasted 00:02:41 (1128 turns).

nightchill the Firebug (MDFE)                       Turns: 1128, Time: 00:02:42

Health: -3/28      AC:  6    Str: 12    XL:     3   Next: 17%
Magic:  6/6        EV:  8    Int: 15    God:
Gold:   52         SH:  0    Dex: 10    Spells: 5/6 levels left

rFire   . . .        g - +0 dagger
rCold   . . .        (no shield)
rNeg    . . .        h - +0 scale mail
rPois   .            (no helmet)
rElec   .            (no cloak)
rCorr   .            (no gloves)
SInv    .            (no boots)
Will    .....        (no amulet) Stlth
                     (no ring)
HPRegen 0.24/turn    (no ring)
MPRegen 0.10/turn

%: no passive effects
@: no status effects
A: runic magic, artefact enchanting
a: no special abilities


You were on level 2 of the Dungeon.
You visited 1 branch of the dungeon, and saw 2 of its levels.

You collected 52 gold pieces.

Inventory:

Hand Weapons
 g - a +0 dagger (weapon)
Armour
 a - a +0 robe
 h - a +0 scale mail (worn)
Scrolls
 f - 4 scrolls of identify {unknown}
 j - 2 scrolls of amnesia {unknown}
 k - a scroll of revelation {unknown}
 l - a scroll of enchant armour {unknown}
Potions
 b - a potion of magic
 c - a potion of curing {unknown}
 d - a potion of attraction {unknown}
 e - a potion of heal wounds {unknown}
 i - a potion of mutation {unknown}


   Skills:
 + Level 1.3 Fighting
 - Level 1.3 Dodging
 - Level 1.4 Stealth
 + Level 2.1 Spellcasting
 - Level 0.8 Conjurations
 * Level 4.5 Fire Magic


You had 5 spell levels left.
You knew the following spells:

 Your Spells              Type           Power      Damage    Failure   Level
a - Foxfire               Conj/Fire      36%        2x1d5     11%         1

Your spell library contained the following spells:

 Spells                   Type           Power      Damage    Failure   Level
 Scorch                   Fire           30%        2d6       8%          2
 Sting                    Conj/Alch      8%         1d3       28%         1
 Inner Flame              Hex/Fire       8%         N/A       36%         3
 Volatile Blastmotes      Fire/Tloc      16%        2d11      36%         3
 Mercury Vapours          Alch/Air       2%         N/A       45%         2
 Flame Wave               Conj/Fire      9%         2d6       73%         4
 Olgreb's Toxic Radiance  Alch           1%         N/A       97%         4


Dungeon Overview and Level Annotations

Branches:
Dungeon (2/15)

Altars:


Innate Abilities, Weirdness & Mutations

Your spellcasting is much less encumbered by armour.
You can use scrolls of enchantment on lesser artefacts.


Message History

The ribbon worm is moderately wounded.
The ribbon worm bites you.
You hit the ribbon worm.
The ribbon worm is moderately wounded.
The ribbon worm expels a string of sticky webbing.
The stream of webbing misses you.
You hit the ribbon worm but do no damage.
The ribbon worm is lightly wounded.
The ribbon worm bites you.
You hit the ribbon worm but do no damage.
The ribbon worm is lightly wounded.
The ribbon worm closely misses you.
You hit the ribbon worm.
The ribbon worm is lightly wounded.
You hit the ribbon worm.
The ribbon worm is lightly wounded.
The ribbon worm bites you.
* * * LOW HITPOINT WARNING * * *
You hit the ribbon worm.
The ribbon worm is lightly wounded.
The ribbon worm bites you.
* * * LOW HITPOINT WARNING * * *
You barely miss the ribbon worm.
The ribbon worm is lightly wounded.
The ribbon worm bites you!
* * * LOW HITPOINT WARNING * * *
You barely miss the ribbon worm.
The ribbon worm is lightly wounded.
The ribbon worm expels a string of sticky webbing.
The stream of webbing hits you but does no damage.
You are caught in a web!
The web tears apart.
You hit the ribbon worm.
The ribbon worm is lightly wounded.
The ribbon worm bites you.
* * * LOW HITPOINT WARNING * * *
You hit the ribbon worm.
The ribbon worm is moderately wounded.
The ribbon worm bites you.
You die...

# ## .. .. #.
###.## #. #.
.....#
#.###.##..... #..
....... .#
#..###.#w##..#
####......@<....#
.........>...##.#
.#.............
#......##..###
#.............
#.....#..#######
####..##.# ...
... #### #.#.


You could see a ribbon worm (catching breath).

Vanquished Creatures
  A dart slug (D:1)
  2 endoplasms (D:1)
  A goblin (D:1)
  5 hobgoblins (D:1)
  2 ball pythons (D:1)
  A bat (D:1)
  A frilled lizard (D:1)
  3 kobolds (D:1)
  3 rats (D:1)
19 creatures vanquished.

Vanquished Creatures (others)
  22 foxfires (D:1)
22 creatures vanquished.

Grand Total: 41 creatures vanquished

Notes
Turn   | Place    | Note
-------+----------+-------------------------------------------
     0 | D:1      | nightchill the Mountain Dwarf Fire Elementalist began the
                  | quest for the Orb.
     0 | D:1      | Reached XP level 1. HP: 14/14 MP: 3/3
   166 | D:1      | Reached skill level 4 in Fire Magic
   190 | D:1      | Reached XP level 2. HP: 15/22 MP: 0/4
   417 | D:1      | Reached skill level 1 in Fighting
   565 | D:1      | Reached XP level 3. HP: 26/28 MP: 6/6
  1127 | D:2      | HP: 1/28 [ribbon worm (2)]
  1128 | D:2      | Slain by a ribbon worm

Illustrated notes

Levels and vault maps discovered:
D:1:      psy_arrival_basics, layout_loops_cross
D:2:      layout_basic, serial_shops, nicolae_diamond_shop, item_on_display_a

Skill      XL: |  1  2 |
---------------+-------+-----
Fire Magic     | 4 |  4.5
Spellcasting   | 2 |  2.1
Fighting       | 1 |  1.3
Dodging        | |  1.3
Stealth        | |  1.4
Conjurations   | |  0.8

Action                     || total
---------------------------++-------
  Melee: Unarmed           ||    14
         Punch             ||     1
         Dagger            ||    62
   Cast: Foxfire           ||    13
 Armour: Robe              ||    13
         Scale mail        ||    35
  Dodge: Dodged            ||    28

Table legend: (Time is in decaauts)
 A = Elapsed time spent in this place.
 B = Non-inter-level travel time spent in this place.
 C = Inter-level travel time spent in this place.
 D = Time resting spent in this place.
 E = Time spent auto-exploring this place.
 F = Levels seen in this place.
 G = Mean time per level.
                   A        B        C        D        E       F      G
               +--------+--------+--------+--------+--------+-----+--------+
         Total |   1127 |   1077 |     50 |     25 |    819 |   2 |  563.5 |
       Dungeon |   1127 |   1077 |     50 |     25 |    819 |   2 |  563.5 |
               +--------+--------+--------+--------+--------+-----+--------+

Top non-repeatable levels by time:
     D:1: 1069 daAuts
     D:2: 57 daAuts
